 Dungeon Crawl Stone Soup version 0.18.1-8-gdd0e5ea (console) character file.

92 Calamarain the Cudgeler (level 4, -9/38 HPs)
             Began as a Draconian Abyssal Knight on May 21, 2016.
             Was a Believer of Lugonu.
             Mangled by Crazy Yiuf
             ... wielding a +3 quarterstaff of chaos
              (16 damage)
             ... on level 2 of the Dungeon.
             The game lasted 00:06:56 (2084 turns).

Calamarain the Cudgeler (Draconian Abyssal Knight)  Turns: 2084, Time: 00:06:56

Health: -9/38      AC:  5    Str: 15    XL:     4   Next: 35%
Magic:  0/5        EV: 17    Int: 13    God:    Lugonu [**....]
Gold:   101        SH:  0    Dex: 10    Spells: 0 memorised, 3 levels left

rFire  . . .     SeeInvis .     a - +1 mace
rCold  . . .     Gourm    .     (armour unavailable)
rNeg   . . .     Faith    .     (no shield)
rPois  .         Spirit   .     (helmet restricted)
rElec  .         Dismiss  .     (no cloak)
rCorr  .         Reflect  .     (no gloves)
SustAt .         Harm     .     (no boots)
MR     .....                    (no amulet)
Stlth  +.........               (no ring)
                                k - +5 ring of evasion

@: slowed, drained, very slow, not resistant to hostile enchantments, very
unstealthy
A: unfitting armour, cold-blooded, AC +5
a: Depart the Abyss, Bend Space, Renounce Religion


You were on level 2 of the Dungeon.
You worshipped Lugonu.
Lugonu was pleased with you.
You were not hungry.

You visited 1 branch of the dungeon, and saw 2 of its levels.
You visited the Abyss 1 time.

You collected 101 gold pieces.

Inventory:

Hand Weapons
 a - a +1 mace (weapon)
 n - a +0 flail
Jewellery
 k - a +5 ring of evasion (left hand)
Scrolls
 e - a scroll of recharging {unknown}
 h - a scroll of teleportation {unknown}
 i - a scroll of blinking {unknown}
 j - a scroll of identify {unknown}
 o - a scroll of magic mapping {unknown}
Potions
 c - a potion of cure mutation {unknown}
 g - a potion of curing {unknown}
 m - a potion of resistance {unknown}
Comestibles
 b - 3 bread rations
 d - a chunk of flesh
 f - a royal jelly
 l - 10 fruits


   Skills:
 - Level 3.2(2.9) Fighting
 + Level 4.6(4.3) Maces & Flails
 - Level 2.1(1.7) Dodging
 - Level 2.0(1.6) Invocations


You had 3 spell levels left.
You didn't know any spells.

Dungeon Overview and Level Annotations

Branches:
Dungeon (2/15)

Altars:

Annotations:
D:2 Crazy Yiuf


Innate Abilities, Weirdness & Mutations

Your plain brown scales are hard (AC +5).
Your body does not fit into most forms of armour.
You are cold-blooded and may be slowed by cold attacks.


Message History

Crazy Yiuf the Enlightened comes into view.
He is wielding a quarterstaff of chaos.
Crazy Yiuf shouts!
You hit Crazy Yiuf.
Crazy Yiuf is lightly wounded.
Crazy Yiuf sings, "Trees, trees, trees, circus!"
Crazy Yiuf hits you with a quarterstaff of chaos!
You feel your power leaking away.
You hit Crazy Yiuf.
Crazy Yiuf is heavily wounded.
Crazy Yiuf hits you with a quarterstaff of chaos.
You feel yourself slow down.
You hit Crazy Yiuf.
Crazy Yiuf is severely wounded.
Crazy Yiuf hits you with a quarterstaff of chaos!
You feel drained.
* * * LOW HITPOINT WARNING * * *
You closely miss Crazy Yiuf.
Crazy Yiuf is severely wounded.
Crazy Yiuf hits you with a quarterstaff of chaos!
You die...

#.#####.# ###
#.# #.# #####
#.# #..)# #.#
#...# #.# ...
#.# #g# #.#
♣♣@♣ #.# ♣.♣♣
#.# ♣♣.♣ #.#
♣.♣♣ ###.###
♣♣.♣♣ #....[#
♣...♣♣
###.#.######
♣PP.P♣
#...........
##..##
#####.#.####
####....#####
#.#.#


You could see Crazy Yiuf.

Vanquished Creatures
  Terence (D:1)
  Robin (D:2)
  A dart slug (D:1)
  3 giant geckos
  2 giant cockroaches (D:1)
  14 goblins
  3 hobgoblins (D:1)
  9 kobolds (D:1)
  3 quokkas
  6 bats
  2 giant newts (D:1)
  5 rats
50 creatures vanquished.

Notes
Turn   | Place    | Note
--------------------------------------------------------------
     0 | Abyss:1  | Calamarain the Draconian Abyssal Knight began the quest for the Orb.
     0 | Abyss:1  | Reached XP level 1. HP: 19/19 MP: 2/2
    18 | Abyss:1  | Found a stormy altar of Qazlal.
    52 | Abyss:1  | Noticed an ancient zyme
    54 | D:1      | Escaped the Abyss
   210 | D:1      | Reached XP level 2. HP: 5/26 MP: 3/3
   533 | D:1      | Reached * piety under Lugonu
   548 | D:1      | Reached skill level 3 in Maces & Flails
   829 | D:1      | Reached XP level 3. HP: 30/31 MP: 4/4
  1239 | D:2      | Noticed Robin
  1242 | D:2      | Noticed Terence
  1599 | D:1      | Killed Terence
  1599 | D:1      | Reached skill level 4 in Maces & Flails
  1601 | D:1      | Reached XP level 4. HP: 22/38 MP: 5/5
  1789 | D:2      | Killed Robin
  1811 | D:2      | Reached ** piety under Lugonu
  2078 | D:2      | Noticed Crazy Yiuf
  2084 | D:2      | Mangled by Crazy Yiuf

Skill      XL: |  1  2  3 |
---------------+----------+-----
Maces & Flails | 3 4 |  4.6
Fighting       | |  3.2
Dodging        | |  2.1
Invocations    | |  2.0

Action                   |  1- 3 |  4- 6 || total
-------------------------+-------+-------++-------
Melee: Mace              |   131 |    42 ||   173
       Tailslap          |     8 |     5 ||    13
Invok: Depart the Abyss  |     1 |       ||     1
  Use: Scroll            |     1 |       ||     1
  Eat: Chunk             |     2 |     2 ||     4
Armor: Skin              |    41 |     3 ||    44
Dodge: Dodged            |    95 |    40 ||   135
